 Dungeon Crawl Stone Soup version 0.32-a0-17-gb74e046682 (webtiles) character file.

Game seed: 7632070041902743351

8052 swappor the Geomancer (level 11, -1/102 HPs)
             Began as a Gargoyle Earth Elementalist on Jan 15, 2024.
             Was a Follower of Ru.
             Slain by a two-headed ogre
             ... wielding a +0 giant club
              (10 damage)
             ... on level 11 of the Dungeon.
             The game lasted 01:27:50 (13063 turns).

swappor the Geomancer (GrEE)                       Turns: 13063, Time: 01:27:50

Health: -1/102     AC: 25    Str: 12    XL:     11   Next: 24%
Magic:  27/33      EV:  2    Int: 20    God:    Ru [*.....]
Gold:   676        SH:  0    Dex: 10    Spells: 16/28 levels left

rFire   . . .        s - +6 long sword "Gargoyle's Peril" {heavy, rElec rC+ Stlth-}
rCold   + . .        (no shield)
rNeg    + . .        x - melded +2 robe {rN+}
rPois   ∞            l - melded +0 helmet
rElec   +            o - melded +0 cloak
rCorr   +            v - melded +0 pair of gloves of Vanity {rCorr Int+3 Stlth+}
SInv    .            I - melded +1 pair of boots
Will    .....        (no amulet)
Stlth   ++           P - ring of Nejire {rCorr MP+9}
HPRegen 0.37/turn    L - ring of wizardry
MPRegen 0.23/turn

%: wizardry (x1)
@: brilliant, tree-form
A: stationary, stasis, torment immunity, boosted hp, sickness immunity, AC +8,
negative energy resistance 1, (electricity resistance), torment resistance 1,
petrification resistance, hated by all
a: Renounce Religion


You were on level 11 of the Dungeon.
You worshipped Ru.
Ru was aware of your devotion.
You were a tree.
You visited 2 branches of the dungeon, and saw 12 of its levels.
You also visited: Ossuary.

You collected 676 gold pieces.

Inventory:

Hand Weapons
 s - the +6 long sword "Gargoyle's Peril" (weapon) {heavy, rElec rC+ Stlth-}
   (You took it off Robin on level 3 of the Dungeon)

   rC+:       It protects you from cold.
   rElec:     It insulates you from electricity.
   Stlth-:    It makes you less stealthy.
Missiles
 M - a curare-tipped dart
Armour
 l - a +0 helmet (melded)
 o - a +0 cloak (melded)
 v - the +0 pair of gloves of Vanity (melded) {rCorr Int+3 Stlth+}
   (You found it on level 4 of the Dungeon)

   Int+3:     It affects your intelligence (+3).
   rCorr:     It protects you from acid and corrosion.
   Stlth+:    It makes you more stealthy.
 x - a +2 robe of positive energy (melded)
 I - a +1 pair of boots (melded)
Jewellery
 t - a ring of protection from cold
 L - a ring of wizardry (right branch)
 P - the ring of Nejire (left branch) {rCorr MP+9}
   (You found it on level 10 of the Dungeon)

   [ring of magical power]

   MP+9:      It affects your magic capacity (+9).
   rCorr:     It protects you from acid and corrosion.
Wands
 d - a wand of quicksilver (23)
 u - a wand of flame (16)
 J - a wand of digging (6)
 K - a wand of roots (7)
Scrolls
 c - 2 scrolls of enchant armour {unknown}
 f - 3 scrolls of revelation {unknown}
 m - a scroll of silence {unknown}
 n - 3 scrolls of fog {unknown}
 q - 2 scrolls of teleportation {unknown}
 y - 2 scrolls of vulnerability {unknown}
 A - 2 scrolls of blinking {unknown}
 C - a scroll of brand weapon {unknown}
 D - 2 scrolls of amnesia {unknown}
 E - a scroll of fear {unknown}
 F - 2 scrolls of poison
 G - 2 scrolls of noise {unknown}
 H - a scroll of enchant weapon {unknown}
 O - 3 scrolls of butterflies {unknown}
Potions
 a - 3 potions of lignification
 b - a potion of magic
 e - 3 potions of resistance
 g - 2 potions of brilliance
 i - 2 potions of ambrosia {unknown}
 j - a potion of mutation {unknown}
 k - a potion of enlightenment {unknown}
 p - a potion of degeneration {unknown}
 r - 5 potions of curing {unknown}
 z - a potion of haste {unknown}
 B - a potion of might {unknown}
 N - 2 potions of invisibility {unknown}


   Skills:
 - Level 8.0 Fighting
 - Level 2.1 Armour
 - Level 4.0 Dodging
 - Level 6.0 Stealth
 + Level 9.3 Spellcasting
 - Level 5.0 Conjurations
 - Level 10.0 Earth Magic
 - Level 3.0 Alchemy


You had 16 spell levels left.
You knew the following spells:

 Your Spells              Type           Power      Damage    Failure   Level
a - Sandblast             Erth           100%       2d20      1%          1
b - Stone Arrow           Conj/Erth      100%       3d13      1%          3
c - Brom's Barrelling Bo  Conj/Erth      56%        2d7       1%          4
d - Petrify               Alch/Erth      52%        N/A       1%          4

Your spell library contained the following spells:

 Spells                   Type           Power      Damage    Failure   Level
 Sting                    Conj/Alch      100%       1d9       1%          1
 Passwall                 Erth           65%        N/A       1%          3
 Mercury Vapours          Alch/Air       46%        N/A       2%          2
 Ensorcelled Hibernation  Hex/Ice        28%        N/A       4%          2
 Fugue of the Fallen      Necr           14%        N/A       9%          3
 Olgreb's Toxic Radiance  Alch           32%        N/A       9%          4
 Anguish                  Hex/Necr       7%         N/A       28%         4
 Eringya's Noxious Bog    Alch           16%        4d6       75%         6
 Summon Forest            Summ/Tloc      Unusable   N/A       N/A         5
 Summon Hydra             Summ           Unusable   N/A       N/A         7

Dungeon Overview and Level Annotations

Branches:
Dungeon (11/15)            Temple (1/1) D:7         Ossuary (visited)
   Lair: D:8-11         Orc: D:9-12

Altars:
Ashenzari
Cheibriados
Dithmenos
Elyvilon
Gozag
Kikubaaqudgha
Makhleb
Nemelex Xobeh
Okawaru
Qazlal
Ru
Sif Muna
Trog
Uskayaw
Vehumet
Wu Jian
Xom
Zin
The Shining One

Shops:
D:8 :


Innate Abilities, Weirdness & Mutations

You are a tree.
Your roots penetrate the ground, keeping you stationary.
You cannot be teleported.
You are immune to unholy pain and torment.
Your maximum health is greatly increased.
Your equipment is partially melded.
You are immune to sickness and miasma.
((Your stone body is resilient. (AC +8)))
You are immune to poison.
You resist negative energy. (rN+)
((You are resistant to electric shocks. (rElec)))
You are resistant to unholy torment.
You are immune to petrification.
You are hated by all.


Message History

The troll bites you but does no damage. The troll claws you but does no damage.
The troll claws you.
The two-headed ogre hits you with a +0 giant club.
The two-headed ogre completely misses you.
Aiming: Petrify (mildly dangerous; 1% risk of failure)
Press: ? - help, Q - select action, (/) - cycle Shift-Dir - straight line, f - two-headed ogre
Aim: a two-headed ogre, wielding two +0 giant clubs (chance to affect: 55%)
You feel a surge of power!
The two-headed ogre is moving more slowly.
The two-headed ogre is moving more slowly.
The yak is moving more slowly.
The troll barely misses you.
The troll claws you but does no damage. x2
The two-headed ogre hits you but does no damage. x2
Aiming: Stone Arrow (safe; 1% risk of failure)
Press: ? - help, Q - select action, (/) - cycle Shift-Dir - straight line, f - troll, p - two-headed ogre
Aim: a troll (78% to hit)
You feel a surge of power!
The stone arrow hits the troll!
The troll is moderately wounded.
The troll bites you but does no damage. The troll claws you but does no damage.
The troll claws you!
The two-headed ogre hits you with a +0 giant club!
* * * LOW HITPOINT WARNING * * *
The two-headed ogre hits you but does no damage.
The yak gores you.
* * * LOW HITPOINT WARNING * * *
Aiming: Stone Arrow (safe; 1% risk of failure)
Press: ? - help, Q - select action, (/) - cycle Shift-Dir - straight line, f/p - troll
Aim: a troll (moderately wounded, 78% to hit)
You feel a surge of power!
The stone arrow hits the troll!!
The troll is almost dead.
The troll bites you but does no damage. The troll claws you.
* * * LOW HITPOINT WARNING * * *
The troll claws you but does no damage.
A yak comes into view.
The two-headed ogre hits you with a +0 giant spiked club.
* * * LOW HITPOINT WARNING * * *
The two-headed ogre hits you with a +0 giant spiked club.
* * * LOW HITPOINT WARNING * * *
The two-headed ogre hits you with a +0 giant club!
You die...

##################
.......<<♣T.......
........YOO.[.....
...........).)[...
....###.(.........
... ##..........
.. #.......... .
#.........#
....Y....##
..........#


You could see 2 two-headed ogres, 2 yaks and a troll.

Vanquished Creatures
  A boulder beetle (D:10)
  Erica (D:8)
  Pikel (D:9)
  An oklob plant (D:10)
  3 hornets (D:10)
  2 wyverns (D:9)
  A shadow (D:9)
  5 yaks
  Grum (D:8)
  A steam dragon (D:6)
  4 water moccasins
  Duvessa (D:4)
  An orc warrior (D:10)
  A sky beast (D:8)
  4 black bears
  2 ice beasts
  2 ogres
  A centaur (D:10)
  A wolf (D:8)
  A lemure (D:9)
  An elf zombie (Ossuary)
  2 kobold brigands
  Blork the orc (D:6)
  5 bullfrogs
  3 scorpions (D:5)
  3 wights (D:9)
  Dowan (D:4)
  5 killer bees (D:8)
  An oklob sapling (D:10)
  3 electric eels (D:8)
  A howler monkey (D:10)
  A lava snake (D:7)
  2 hounds
  A jelly (D:5)
  An orc priest (D:11)
  Crazy Yiuf (D:2)
  3 iguanas
  A sleepcap (D:5)
  4 human zombies (Ossuary)
  Natasha (thrice) (D:3)
  2 orc wizards (D:11)
  4 mummies (Ossuary)
  Robin (D:3)
  11 adders
  2 shadow imps
  3 white imps
  2 ufetubi
  5 dart slugs
  3 ribbon worms
  11 orcs
  17 ball pythons
  7 endoplasms
  4 giant cockroaches
  2 gnoll zombies (Ossuary)
  6 hobgoblins (D:3)
  4 jackals (D:2)
  7 bats
  2 frilled lizards
  14 goblins
  A hobgoblin zombie (Ossuary)
  A jackal zombie (Ossuary)
  17 kobolds
  2 kobold zombies (Ossuary)
  4 rats
  A rat zombie (Ossuary)
211 creatures vanquished.

Vanquished Creatures (collateral kills)
  A yak (D:10)
  A wolf (D:8)
  An orc (D:10)
  18 boulders
21 creatures vanquished.

Vanquished Creatures (others)
  17 boulders
17 creatures vanquished.

Grand Total: 249 creatures vanquished

Notes
Turn   | Place    | Note
-------+----------+-------------------------------------------
     0 | D:1      | swappor the Gargoyle Earth Elementalist began the quest for
                  | the Orb.
     0 | D:1      | Reached XP level 1. HP: 10/10 MP: 3/3
   144 | D:1      | Reached skill level 4 in Earth Magic
   184 | D:1      | Reached XP level 2. HP: 15/15 MP: 1/5
   410 | D:1      | Found a faded altar of an unknown god.
  1217 | D:2      | Reached XP level 3. HP: 19/19 MP: 3/6
  1260 | D:2      | Reached skill level 5 in Earth Magic
  1568 | D:2      | Reached XP level 4. HP: 24/24 MP: 4/7
  1708 | D:2      | Reached skill level 6 in Earth Magic
  1840 | D:2      | Found a runed translucent door.
  1841 | D:2      | Noticed Crazy Yiuf
  2278 | D:3      | Learned a level 3 spell: Stone Arrow
  2486 | D:3      | Found a burning altar of Makhleb.
  2519 | D:3      | Noticed Natasha
  2522 | D:3      | Killed Natasha
  2523 | D:3      | Reached XP level 5. HP: 28/28 MP: 5/8
  2611 | D:3      | Noticed Natasha
  2620 | D:3      | Killed Natasha
  2621 | D:3      | Reached skill level 7 in Earth Magic
  2697 | D:3      | Identified the +6 long sword "Gargoyle's Peril" {heavy,
                  | rElec rC+ Stlth-}
  2697 | D:3      | Noticed Robin
  2710 | D:3      | Noticed Natasha
  2726 | D:3      | Killed Natasha
  2840 | D:2      | Killed Crazy Yiuf
  3017 | D:3      | Killed Robin
  3059 | D:3      | Reached XP level 6. HP: 32/32 MP: 6/9
  3482 | D:4      | Found a broken altar of Ashenzari.
  3522 | D:4      | Identified the +0 pair of gloves of Vanity {rCorr Int+3
                  | Stlth+}
  3542 | D:4      | Reached skill level 8 in Earth Magic
  3727 | D:4      | Noticed Duvessa
  3727 | D:4      | Noticed Dowan
  3757 | D:4      | Killed Duvessa
  3844 | D:4      | Killed Dowan
  4222 | D:5      | Entered Level 5 of the Dungeon
  4387 | D:5      | Found a shimmering altar of Xom.
  4504 | D:5      | Reached XP level 7. HP: 36/36 MP: 10/13
  4713 | D:5      | Reached skill level 5 in Spellcasting
  4740 | D:4      | Reached skill level 1 in Fighting
  5291 | D:5      | Reached XP level 8. HP: 48/48 MP: 8/15
  5616 | D:5      | Found a shimmering blue altar of Sif Muna.
  6127 | D:6      | Identified the +4 mace "Lekok" {freeze, rC+ rN++ Int+3
                  | Dex-3}
  6230 | D:6      | Noticed Blork the orc
  6237 | D:6      | Killed Blork the orc
  6758 | D:6      | Learned a level 4 spell: Brom's Barrelling Boulder
  6899 | D:7      | Found a staircase to the Ecumenical Temple.
  6911 | D:7      | Reached skill level 5 in Conjurations
  6944 | D:7      | Reached XP level 9. HP: 46/52 MP: 8/16
  6961 | D:7      | Found a sand-covered staircase.
  6970 | Ossuary  | Entered an ossuary
  7002 | Ossuary  | Reached skill level 9 in Earth Magic
  7330 | Temple   | Entered the Ecumenical Temple
  8451 | D:8      | Reached skill level 10 in Earth Magic
  8490 | D:8      | Reached skill level 5 in Fighting
  8490 | D:8      | Reached skill level 1 in Armour
  8863 | D:8      | Reached skill level 5 in Stealth
  9025 | D:8      | Found Hizxasac's Tremendous Tomes.
  9134 | D:8      | Found a stormy altar of Qazlal.
  9134 | D:8      | Found a sacrificial altar of Ru.
  9192 | D:8      | Became a worshipper of Ru the Awakened
  9250 | D:8      | Noticed Erica
  9264 | D:8      | Killed Erica
  9265 | D:8      | Reached XP level 10. HP: 50/59 MP: 5/19
  9408 | D:8      | Learned a level 4 spell: Petrify
  9722 | D:8      | Noticed Grum
  9752 | D:8      | Killed Grum
 10009 | D:9      | Noticed Pikel
 10016 | D:9      | Killed Pikel
 11109 | D:10     | Entered Level 10 of the Dungeon
 11144 | D:10     | Noticed an oklob plant
 11300 | D:10     | Killed an oklob plant
 11451 | D:10     | Gained mutation: You are hated by all. [Ru sacrifice]
 11451 | D:10     | Reached * piety under Ru
 11632 | D:10     | Reached skill level 1 in Alchemy
 11632 | D:10     | Reached XP level 11. HP: 68/68 MP: 1/23
 11925 | D:10     | Identified the ring of Nejire {rCorr MP+9}
 12573 | D:11     | Noticed a boulder beetle
 12930 | D:10     | Killed a boulder beetle
 13047 | D:11     | Noticed a two-headed ogre
 13059 | D:11     | Noticed a two-headed ogre
 13063 | D:11     | Slain by a two-headed ogre

Illustrated notes

Levels and vault maps discovered:
D:1:      elethiomel_arrival_shortcut, layout_basic,
          chequers_ecumenical_altar_lobes, kennysheep_doodads
D:2:      layout_basic, uniq_crazy_yiuf_cottage
D:3:      layout_rooms, amcnicky_altar_gilded, uniq_robin, uniq_natasha
D:4:      layout_loops_ring, ashenzari_conservatory_becter, kennysheep_donut,
          saegor_snake_ambush, uniq_duvessa
D:5:      layout_basic, kennysheep_mini_moat, regret_index_xom_buried_treasure,
          kennysheep_generic_room_7
D:6:      layout_loops_ring, uniq_blork_the_orc
D:7:      layout_basic, minmay_temple_entry_nine_rooms,
          nicolae_ossuary_entry_ruins, ebering_dispersal_statue_hall,
          kennysheep_small_spiral, nicolae_zig_zag_zippers
D:8:      layout_basic, amethyst_overflow_temple_binary, serial_bayou,
          serial_bayou_pond_a, serial_bayou_crossing, serial_bayou_pond_a,
          serial_bayou_pond_e, nicolae_shop_i_like_big_books, fountainhead,
          uniq_grum, uniq_erica
D:9:      layout_basic, st_stairs_8, minmay_misc_feat_tiny, uniq_pikel
D:10:     layout_small_grid, introduction_to_nature_2
D:11:     layout_big_octagon, due_lair_maze_entry_diamond, lightli_wizard_tower
Temple:   nicolae_temple_slightly_damp_pantheon

Skill      XL: |  1  2  3  4  5  6  7  8  9 10 11 |
---------------+----------------------------------+-----
Earth Magic    | 4 5 6 7 8 10 | 10.0
Spellcasting   | 4 5 6 8 9 |  9.3
Fighting       | 4 5 8 |  8.0
Dodging        | 2 4 |  4.0
Conjurations   | 5 |  5.0
Armour         | 2 |  2.1
Stealth        | 6 |  6.0
Alchemy        | 1 3 |  3.0

Action                     |  1- 3 |  4- 6 |  7- 9 | 10-12 || total
---------------------------+-------+-------+-------+-------++-------
  Melee: Short sword       |     8 |     5 |       |       ||    13
         Punch             |     1 |       |     1 |     2 ||     4
         Hand axe          |     1 |       |       |       ||     1
         Long sword        |       |       |    17 |    18 ||    35
  Throw: Dart              |       |       |       |     2 ||     2
   Cast: Sandblast         |    44 |    67 |    91 |   106 ||   308
         Stone Arrow       |       |    13 |    29 |    23 ||    65
         Brom's Barrelling |       |       |    11 |    33 ||    44
         Petrify           |       |       |       |    12 ||    12
 Invoke: Sacrifice Love    |       |       |       |     1 ||     1
  Evoke: Wand              |       |       |     3 |    11 ||    14
    Use: Scroll            |       |       |     5 |     2 ||     7
         Potion            |       |       |       |     4 ||     4
   Stab: Petrified         |       |       |       |     4 ||     4
 Armour: Robe              |    13 |    19 |   115 |    57 ||   204
         Skin              |       |       |       |    22 ||    22
  Dodge: Dodged            |    16 |    14 |   155 |    78 ||   263

Table legend: (Time is in decaauts)
 A = Elapsed time spent in this place.
 B = Non-inter-level travel time spent in this place.
 C = Inter-level travel time spent in this place.
 D = Time resting spent in this place.
 E = Time spent auto-exploring this place.
 F = Levels seen in this place.
 G = Mean time per level.
                   A        B        C        D        E       F      G
               +--------+--------+--------+--------+--------+-----+--------+
         Total |  13341 |  12503 |    838 |   2000 |   6765 |  13 | 1026.2 |
       Dungeon |  13002 |  12164 |    838 |   1907 |   6622 |  11 | 1182.0 |
        Temple |      1 |      1 |      0 |      0 |      0 |   1 |    1.0 |
       Ossuary |    338 |    338 |      0 |     93 |    143 |   1 |  338.0 |
               +--------+--------+--------+--------+--------+-----+--------+

Top non-repeatable levels by time:
    D:10: 1752 daAuts
     D:8: 1605 daAuts
     D:5: 1466 daAuts
     D:9: 1330 daAuts
     D:7: 1309 daAuts
     D:1: 1279 daAuts
     D:4: 1211 daAuts
     D:2: 1182 daAuts
     D:3: 912 daAuts
     D:6: 829 daAuts
 Ossuary: 338 daAuts
    D:11: 123 daAuts
  Temple: 1 daAuts
